 Dungeon Crawl Stone Soup version 0.27.1-34-g3ba077fa99 (webtiles) character file.

Game seed: 1920410178306014908

61 EWolf27 the Sneak (level 3, -3/24 HPs)
             Began as a Vampire Enchanter on Jan 26, 2022.
             Was an Initiate of Gozag.
             Slain by Ijyb (11 damage)
             ... on level 3 of the Dungeon.
             The game lasted 00:10:24 (2779 turns).

EWolf27 the Sneak (Vampire Enchanter)               Turns: 2779, Time: 00:10:25

Health: -3/24      AC: 10    Str:  7    XL:     3   Next: 83%
Magic:  2/6        EV: 12    Int: 18    God:    Gozag
Gold:   270        SH:  0    Dex: 14    Spells: 0/6 levels left

rFire    . . .     SeeInvis +   m - +2 dagger (protect)
rCold    . . .     Faith    .   (no shield)
rNeg     . . .     Spirit   .   b - +0 robe
rPois    .         Reflect  .   (no helmet)
rElec    .         Harm     .   (no cloak)
rCorr    .         Rampage  .   n - +0 pair of gloves
Will     .....                  (no boots)
Stlth    +++.......             (no amulet)
HPRegen  0.28/turn              (no ring)
MPRegen  0.10/turn              (no ring)

@: under a protective aura, healing quickly
A: alive, fangs 3, see invisible, vampiric 2
a: Exsanguinate, Renounce Religion, Potion Petition, Call Merchant, Bribe Branch


You were on level 3 of the Dungeon.
You worshipped Gozag.
Gozag was aware of your devotion.
You visited 1 branch of the dungeon, and saw 3 of its levels.

You collected 270 gold pieces.

Inventory:

Hand Weapons
 m - a +2 dagger of protection (weapon)
Armour
 b - a +0 robe (worn)
 c - a +0 leather armour
 n - a +0 pair of gloves (worn)
Scrolls
 a - a scroll of enchant weapon {unknown}
 g - a scroll of fear {unknown}
 h - a scroll of teleportation {unknown}
 i - a scroll of magic mapping {unknown}
 j - 2 scrolls of noise {unknown}
 k - a scroll of identify {unknown}
 l - a scroll of amnesia {unknown}
Potions
 d - 2 potions of resistance {unknown}
 e - 3 potions of ambrosia {unknown}
 f - a potion of attraction {unknown}
 o - a potion of brilliance {unknown}


   Skills:
 + Level 0.3 Fighting
 - Level 1.1 Short Blades
 + Level 2.4 Dodging
 + Level 5.7 Stealth
 + Level 2.3 Spellcasting
 + Level 5.1 Hexes
 + Level 0.9 Ice Magic


You couldn't memorise any spells.
You knew the following spells:

 Your Spells              Type           Power      Damage    Failure   Level
a - Corona                Hex            22%        N/A       1%          1
b - Ensorcelled Hibernat  Hex/Ice        26%        N/A       8%          2
c - Confusing Touch       Hex            20%        N/A       6%          3

Your spell library contained the following spells:

 Spells                   Type           Power      Damage    Failure   Level
 Tukima's Dance           Hex            20%        N/A       6%          3
 Dazzling Flash           Conj/Hex       22%        N/A       19%         3


Dungeon Overview and Level Annotations

Branches:
Dungeon (3/15)

Altars:
Gozag
The Shining One

Annotations:
D:3 Ijyb


Innate Abilities, Weirdness & Mutations

Your natural rate of healing is accelerated.
You have razor-sharp teeth.
You have supernaturally acute eyesight. (SInv)
You are afflicted with vampirism and can become a bat while bloodless.


Message History

Ijyb hits you with a +7 club.
You miss Ijyb. Ijyb hits you but does no damage.
You hit Ijyb.
Ijyb is lightly wounded.
Ijyb hits you but does no damage.
You hit Ijyb.
Ijyb is lightly wounded.
An orc comes into view. It is wielding a +0 trident.
Ijyb screams, "Get away!"
Ijyb zaps a wand.
You resist with some effort.
You bump into the stone wall.
Ijyb closely misses you.
The orc shouts!
You hit Ijyb but do no damage.
Ijyb is lightly wounded.
Ijyb zaps a wand.
You resist with some effort.
The now-empty wand crumbles to dust.
You hit Ijyb but do no damage.
Ijyb is lightly wounded.
Ijyb hits you with a +7 club.
You're too confused to move!
You feel less confused. Ijyb completely misses you.
Unknown command.
Casting: Ensorcelled Hibernation (safe; 8% risk of failure)
Confirm with . or Enter, or press ? or * to list all spells.
Aiming: Ensorcelled Hibernation (safe; 8% risk of failure)
Press: ? - help, Shift-Dir - straight line, f/p - Ijyb
Aim: Ijyb, wielding a +7 club and wearing a +0 chain mail (lightly wounded, chance to affect: 52%) Ijyb resists with significant effort.
Ijyb screams, "No!
No, no, no, no!"
Ijyb hits you with a +7 club!
Casting: Ensorcelled Hibernation (safe; 8% risk of failure)
Confirm with . or Enter, or press ? or * to list all spells.
Aiming: Ensorcelled Hibernation (safe; 8% risk of failure)
Press: ? - help, Shift-Dir - straight line, f/p - Ijyb
Aim: Ijyb, wielding a +7 club and wearing a +0 chain mail (lightly wounded, chance to affect: 52%) Ijyb resists with significant effort.
The orc misses you. Ijyb hits you with a +7 club!
You die...
Your body crumbles into a pile of gold.

############
###.#.#......#######
#.##................#.##
#......$...............###
#....?..#.....g...##.......##
......#.####8o.@8#######.....###
.....#### ###.### ##.....#.
....# #...# #.....^. ..## #._.#
####.... # #...# #.##. #####
####. #. #. ##


You could see Ijyb and an orc.

Vanquished Creatures
  2 adders (D:2)
  A dart slug (D:2)
  5 orcs (D:3)
  6 endoplasms
  A giant cockroach (D:1)
  2 hobgoblins (D:1)
  5 kobolds
  2 quokkas (D:1)
  4 ball pythons
  3 bats
  3 frilled lizards
  A rat (D:3)
35 creatures vanquished.

Notes
Turn   | Place    | Note
-------+----------+-------------------------------------------
     0 | D:1      | EWolf27 the Vampire Enchanter began the quest for the Orb.
     0 | D:1      | Reached XP level 1. HP: 13/13 MP: 3/3
   301 | D:1      | Found a faded altar of an unknown god.
   468 | D:1      | Reached XP level 2. HP: 4/19 MP: 1/5
   528 | D:1      | Learned a level 2 spell: Ensorcelled Hibernation
   530 | D:1      | Became a worshipper of Gozag Ym Sagoz the Greedy
   688 | D:1      | Reached skill level 5 in Hexes
   956 | D:1      | Reached skill level 5 in Stealth
  1674 | D:2      | Gained mutation: You are afflicted with vampirism and can
                  | become a bat while bloodless. [Vampire growth]
  1674 | D:2      | Reached XP level 3. HP: 24/24 MP: 6/6
  2367 | D:3      | Learned a level 3 spell: Confusing Touch
  2745 | D:3      | Noticed Ijyb
  2779 | D:3      | Slain by Ijyb

Illustrated notes

Levels and vault maps discovered:
D:1:      zelgadis_glass_arrival_small, layout_loops_ring,
          hellmonk_ecumenical_altar_run_dry, fountainhead
D:2:      layout_basic, serial_glass, glass_columns_b, glass_columns_a,
          glass_columns_a, glass_columns_b
D:3:      layout_loops_cross, nicolae_tso_carved_into_rock, uniq_ijyb

Skill      XL: |  1  2 |
---------------+-------+-----
Hexes          | 5 |  5.1
Stealth        | 5 |  5.7
Fighting       | |  0.3
Short Blades   | |  1.1
Dodging        | |  2.4
Spellcasting   | |  2.3
Ice Magic      | |  0.9

Action                   || total
-------------------------++-------
Melee: Dagger            ||   104
       Bite              ||     6
 Cast: Corona            ||     6
       Ensorcelled Hiber ||    23
 Stab: Sleeping          ||    17
Armor: Robe              ||    16
Dodge: Dodged            ||    48
